 Dungeon Crawl Stone Soup version 0.22-a0-355-g201945f (webtiles) character file.

10702 galech the Grappler (level 11, -1/115 HPs)
             Began as a Troll Monk on Apr 17, 2018.
             Was a High Priest of Okawaru.
             Splashed by an oklob plant's acid (8 damage)
             ... on level 5 of the Dungeon.
             The game lasted 00:12:52 (7313 turns).

galech the Grappler (Troll Monk)                    Turns: 7313, Time: 00:12:53

Health: -1/115     AC:  0    Str: 24    XL:     11   Next: 39%
Magic:  8/10       EV: 17    Int:  6    God:    Okawaru [*****.]
Gold:   189        SH:  0    Dex: 12    Spells: 10/10 levels left

rFire    . . .     SeeInvis +     - Unarmed
rCold    . . .     Gourm    +   (no shield)
rNeg     . . .     Faith    .   w - +2 robe of Vines {NoPotionHeal Regen+7}
rPois    .         Spirit   .   z - +0 hat {SInv}
rElec    .         Reflect  .   y - +0 cloak
rCorr    .         Harm     .   (gloves unavailable)
MR       .....                  (boots unavailable)
Stlth    +++.......             (no amulet)
HPRegen  3.49/turn              C - +1 ring of slaying
MPRegen  0.12/turn              (no ring)

@: heroism, corroded
A: large, unfitting armour, claws 3, fast metabolism 3, gourmand, regeneration
1, shaggy fur 1, tough skin 2
a: Heroism, Finesse, Renounce Religion


You were on level 5 of the Dungeon.
You worshipped Okawaru.
Okawaru was extremely pleased with you.
You were very full.

You visited 2 branches of the dungeon, and saw 9 of its levels.

You collected 376 gold pieces.
You spent 187 gold pieces at shops.

Inventory:

Armour
 t - a +2 robe of magic resistance
 w - the +2 robe of Vines (worn) {NoPotionHeal Regen+7}
   (You found it on level 6 of the Dungeon)

   It increases your rate of regeneration.
 y - a +0 cloak (worn)
 z - a +0 hat of see invisible (worn)
Jewellery
 C - a +1 ring of slaying (left claw)
Wands
 m - a wand of random effects (29)
 o - a wand of iceblast (6)
 v - a wand of enslavement (8)
 x - a wand of polymorph (22)
 A - a wand of flame (38)
Scrolls
 a - 4 scrolls of magic mapping
 c - 4 scrolls of teleportation
 e - a scroll of blinking
 i - 2 scrolls of noise
 j - 4 scrolls of enchant armour
 k - 5 scrolls of remove curse
 n - a scroll of amnesia
 r - 2 scrolls of fog
 D - a scroll of holy word
 F - a scroll of fear
Potions
 d - 3 potions of heal wounds {unknown}
 f - 4 potions of haste {unknown}
 g - 3 potions of flight
 h - 6 potions of brilliance {unknown}
 p - 2 potions of curing
 q - 2 potions of degeneration {unknown}
 s - a potion of cancellation {unknown}
 B - 2 potions of invisibility {unknown}
Comestibles
 b - 23 rations


   Skills:
 + Level 9.1(14.1) Fighting
 + Level 9.2(14.2) Dodging
 - Level 1.2(6.2) Stealth
 + Level 11.0(16.0) Unarmed Combat


You had 10 spell levels left.
You didn't know any spells.

Dungeon Overview and Level Annotations

Branches:
Dungeon (8/15)             Temple (1/1) D:4
   Lair: D:8-11

Altars:
Ashenzari
Cheibriados
Dithmenos
Elyvilon
Fedhas
Gozag
Hepliaklqana
Kikubaaqudgha
Makhleb
Nemelex Xobeh
Okawaru
Qazlal
Ru
Sif Muna
Trog
Vehumet
Xom
Yredelemnul
Zin
The Shining One

Shops:
D:8 ?**

Annotations:
D:5 exclusion: oklob plant


Innate Abilities, Weirdness & Mutations

You are too large for most types of armour.
You have claws for hands.
Your metabolism is lightning-fast.
You like to eat raw meat.
Your natural rate of healing is unusually fast.
You are covered in fur. (AC +1)
You have very tough skin. (AC +2)


Message History

The oklob plant spits acid at you. The splash of acid hits you!
You are splashed with acid!
The acid burns!
The oklob plant spits acid at you. The splash of acid hits you!
You are splashed with acid!
The acid burns!
The oklob plant spits acid at you. The splash of acid hits you!
The acid corrodes you!
You are splashed with acid!
The acid burns!
You scratch the oklob plant but do no damage.
You scratch the oklob plant but do no damage.
You completely miss the oklob plant. The oklob plant spits acid at you.
The splash of acid hits you!
You are splashed with acid!
The acid burns!
* * * LOW HITPOINT WARNING * * *
You mangle the oklob plant!!
The oklob plant is moderately damaged.
The oklob plant spits acid at you. The splash of acid hits you!
* * * LOW HITPOINT WARNING * * *
You are splashed with acid!
The acid burns!
You die... #..........[......#########.#.# #.....####.[......# #...# #.....# #...)....# ##### ##'#######........# #.......'........# #.#######..##################### #.# #..#PP.PPP.PPPPPPPP#PPPP #########..#PPP.PPPP♣.PPPPPP#♣PP #.......##P.@..PP..PP♣P.PPP## #.#######P..P.PPP♣PPPPPPPPPP#

...##.#
#.P.PP.♣.......PPPPP♣
...>#.#
#PPPPP♣..≈≈.≈≈..PPP..
...####
##P#P#..≈≈≈.≈≈≈..P#PP
..8##
#PP♣#..≈≈≈≈.≈≈≈≈...PP
8##
#PPPP.≈≈≈≈≈.≈≈≈≈≈.PPP
####
#####..P.≈≈≈≈...≈≈≈≈.#♣♣
#.#
#..#PPPP.≈≈≈≈._.≈≈≈≈.PP#


You could see an oklob plant.

Vanquished Creatures
  Gastronok (D:8)
  Pikel (D:6)
  Joseph (D:8)
  Psyche (D:8)
  Grinder (D:6)
  A hippogriff (D:7)
  Sigmund (D:3)
  An orc warrior (D:6)
  2 phantoms (D:5)
  A slave (D:6)
  A hornet zombie (D:7)
  2 ogres
  A centaur (D:5)
  A crocodile (D:7)
  A big kobold (D:8)
  A scorpion (D:7)
  5 killer bees (D:7)
  3 howler monkeys
  3 crimson imps
  Crazy Yiuf (D:6)
  A jelly (D:7)
  5 orc priests
  5 hounds
  9 orc wizards
  A bullfrog skeleton (D:4)
  Ijyb (D:3)
  Terence (D:3)
  An iguana (D:5)
  Natasha (thrice) (D:3)
  2 worker ants
  A hound skeleton (D:6)
  Robin (D:2)
  A worker ant zombie (D:5)
  6 adders
  3 gnolls (D:6)
  A shadow imp (D:7)
  An adder zombie (D:6)
  An adder skeleton (D:7)
  3 dart slugs
  21 orcs
  A ball python (D:1)
  3 giant cockroaches
  9 goblins
  6 hobgoblins
  10 jackals
  9 kobolds
  5 quokkas
  5 bats
  3 frilled lizards
  A leopard gecko skeleton (D:4)
  7 rats
  A plant (D:5)
158 creatures vanquished.

Vanquished Creatures (others)
  An orc wizard (D:5)
  A worker ant (D:6)
  An orc (D:6)
  7 toadstools (D:5)
10 creatures vanquished.

Grand Total: 168 creatures vanquished

Notes
Turn   | Place    | Note
-------+----------+-------------------------------------------
     0 | D:1      | galech the Troll Monk began the quest for the Orb.
     0 | D:1      | Reached XP level 1. HP: 22/22 MP: 0/0
    89 | D:1      | Reached XP level 2. HP: 29/29 MP: 1/1
   935 | D:2      | Reached XP level 3. HP: 2/36 MP: 2/2
   936 | D:2      | HP: 1/36 [poisoned by an adder]
  1045 | D:2      | Found a deep blue altar of Sif Muna.
  1095 | D:2      | Noticed Robin
  1123 | D:2      | Killed Robin
  1160 | D:2      | Reached skill level 4 in Unarmed Combat
  1423 | D:3      | Found a basalt altar of Yredelemnul.
  1477 | D:3      | Noticed Terence
  1487 | D:3      | Killed Terence
  1487 | D:3      | Reached XP level 4. HP: 40/44 MP: 3/3
  1638 | D:3      | Noticed Ijyb
  1649 | D:3      | Killed Ijyb
  1785 | D:3      | Noticed Sigmund
  1797 | D:3      | Killed Sigmund
  1797 | D:3      | Reached XP level 5. HP: 32/53 MP: 4/4
  1924 | D:3      | Noticed Natasha
  1928 | D:3      | Killed Natasha
  1928 | D:3      | Reached XP level 6. HP: 51/61 MP: 5/5
  1951 | D:3      | Reached skill level 5 in Unarmed Combat
  1961 | D:3      | Found a blossoming altar of Fedhas.
  1963 | D:3      | Found an ancient bone altar of Kikubaaqudgha.
  2460 | D:3      | Noticed Natasha
  2468 | D:3      | Killed Natasha
  2604 | D:3      | Noticed Natasha
  2608 | D:3      | Killed Natasha
  2958 | D:4      | Found a staircase to the Ecumenical Temple.
  2969 | Temple   | Entered the Ecumenical Temple
  3047 | Temple   | Became a worshipper of Warmaster Okawaru
  3047 | Temple   | Reached * piety under Okawaru
  3047 | Temple   | Reached ** piety under Okawaru
  3249 | D:5      | Entered Level 5 of the Dungeon
  3274 | D:5      | Reached XP level 7. HP: 61/70 MP: 6/6
  3358 | D:5      | Found a blossoming altar of Fedhas.
  3396 | D:5      | Reached skill level 6 in Unarmed Combat
  3583 | D:5      | Found a bloodstained altar of Trog.
  3669 | D:5      | Reached skill level 5 in Dodging
  3832 | D:5      | Reached XP level 8. HP: 72/79 MP: 7/7
  4182 | D:5      | Noticed an oklob plant
  4300 | D:6      | Reached skill level 5 in Fighting
  4539 | D:6      | Reached *** piety under Okawaru
  4639 | D:6      | Noticed Pikel
  4657 | D:6      | Killed Pikel
  4657 | D:6      | Reached **** piety under Okawaru
  4657 | D:6      | Reached skill level 7 in Unarmed Combat
  4694 | D:6      | Noticed Grinder
  4910 | D:6      | Paralysed by Grinder for 5 turns
  4924 | D:6      | Killed Grinder
  4924 | D:6      | Reached XP level 9. HP: 87/89 MP: 8/8
  5164 | D:6      | Found the +2 robe of Vines {NoPotionHeal Regen+7}
  5345 | D:6      | Found a runed door.
  5349 | D:6      | Noticed Crazy Yiuf
  5354 | D:6      | Killed Crazy Yiuf
  5899 | D:7      | Reached skill level 8 in Unarmed Combat
  6415 | D:8      | Noticed Gastronok
  6419 | D:8      | Found Gevievo's General Store.
  6435 | D:8      | Killed Gastronok
  6435 | D:8      | Received a gift from Okawaru
  6435 | D:8      | Reached ***** piety under Okawaru
  6435 | D:8      | Reached skill level 9 in Unarmed Combat
  6435 | D:8      | Reached XP level 10. HP: 55/102 MP: 9/9
  6465 | D:8      | Bought a scroll of enchant armour for 97 gold pieces
  6546 | D:8      | Noticed Joseph
  6565 | D:8      | Killed Joseph
  6626 | D:8      | Found a hazy altar of Hepliaklqana.
  6631 | D:8      | Noticed Psyche
  6650 | D:8      | Killed Psyche
  6767 | D:8      | Found Kohalaoj's Assorted Antiques.
  6871 | D:8      | Found Qaizid's Magic Scroll Boutique.
  6894 | D:8      | Bought a scroll of identify for 24 gold pieces
  6894 | D:8      | Bought a scroll of identify for 24 gold pieces
  6894 | D:8      | Bought a scroll of magic mapping for 42 gold pieces
  6903 | D:8      | Reached skill level 11 in Unarmed Combat
  6903 | D:8      | Reached XP level 11. HP: 115/115 MP: 10/10
  7313 | D:5      | Splashed by an oklob plant's acid

Vault maps used:
D:1:      tarquinn_simple_flora_water_e, kennysheep_small_spiral,
          minmay_misc_feat_four_crosses
D:2:      lemuel_crystal_altar, first_ration, uniq_robin
D:3:      grunt_temple_overflow_growth_and_decay, lemuel_crystal_altar,
          minmay_misc_feat_hallway, uniq_sigmund, uniq_natasha, uniq_ijyb,
          uniq_terence
D:4:      minmay_temple_entry_junction
D:5:      nicolae_overflow_hidden_temple, tgw_fedhas
D:6:      uniq_crazy_yiuf_cottage, uniq_grinder, uniq_pikel
D:8:      kennysheep_mini, serial_shops, shop, nicolae_shop_overgrown_old_shop,
          shop_statue, blue_anna_alchemist, uniq_gastronok, uniq_psyche,
          uniq_joseph
Temple:   eino_temple_scatter_basement

Skill      XL: |  1  2  3  4  5  6  7  8  9 10 |
---------------+-------------------------------+-----
Unarmed Combat | 4 5 6 7 9 11 | 11.0
Dodging        | 3 4 5 6 7 9 |  9.2
Fighting       | 3 4 6 7 9 |  9.1
Stealth        | |  1.2

Action                   |  1- 3 |  4- 6 |  7- 9 | 10-12 || total
-------------------------+-------+-------+-------+-------++-------
Melee: Unarmed           |   109 |    76 |   288 |    73 ||   546
       Punch             |     1 |       |     6 |     3 ||    10
Invok: Heroism           |       |       |       |     2 ||     2
  Use: Potion            |     2 |       |       |     1 ||     3
       Scroll            |       |       |       |     9 ||     9
 Stab: Sleeping          |     2 |       |     3 |       ||     5
  Eat: Chunk             |    19 |    12 |    32 |     8 ||    71
Armor: Robe              |    47 |    25 |    80 |     8 ||   160
Dodge: Dodged            |    54 |    42 |   141 |    26 ||   263

Table legend:
 A = Spawn XP
 B = Non-spawn XP
 C = Spawn XP percentage of total XP
 D = Spawn monster count
 E = Non-spawn monster count
 F = Spawn count percentage of total count
 G = Total turns spent on level
                    A         B        C        D         E        F      G
               +---------+---------+-------+---------+---------+-------+---------
         Total |       0 |    7689 |   0.0 |       0 |     157 |   0.0 |  7313
               +---------+---------+-------+---------+---------+-------+---------
           D:1 |       0 |      33 |   0.0 |       0 |      20 |   0.0 |   924
           D:2 |       0 |      58 |   0.0 |       0 |      18 |   0.0 |   474
           D:3 |       0 |     454 |   0.0 |       0 |      24 |   0.0 |  1258
           D:4 |       0 |     183 |   0.0 |       0 |       6 |   0.0 |   501
           D:5 |       0 |     878 |   0.0 |       0 |      26 |   0.0 |  1311
           D:6 |       0 |    1425 |   0.0 |       0 |      19 |   0.0 |  1174
           D:7 |       0 |    1108 |   0.0 |       0 |      28 |   0.0 |   918
           D:8 |       0 |    3550 |   0.0 |       0 |      16 |   0.0 |   661
               +---------+---------+-------+---------+---------+-------+---------
